 Dungeon Crawl Stone Soup version 0.24.0-123-gd5b16e6ec5 (webtiles) character file.

Game seed: 5615265790067740242, levelgen mode: deterministic

420 Peloso the Covered (level 6, 0/53 HPs)
             Began as a Minotaur Fighter on Jan 22, 2020.
             Was an Initiate of Okawaru.
             Slain by a worker ant (3 damage)
             ... on level 4 of the Dungeon.
             The game lasted 00:05:54 (2609 turns).

Peloso the Covered (Minotaur Fighter)               Turns: 2609, Time: 00:05:54

Health: 0/53       AC:  7    Str: 21    XL:     6   Next: 62%
Magic:  5/5        EV:  8    Int:  5    God:    Okawaru [......]
Gold:   133        SH: 10    Dex: 11    Spells: 5/5 levels left

rFire    + . .     SeeInvis .   a - +0 long sword
rCold    + . .     Gourm    .   c - +0 shield
rNeg     . . .     Faith    .   b - +0 scale mail
rPois    .         Spirit   .   (helmet restricted)
rElec    .         Reflect  .   i - scarf {rC+ rF+}
rCorr    .         Harm     .   (no gloves)
MR       .....                  (no boots)
Stlth    ..........             (no amulet)
HPRegen  0.17/turn              (no ring)
MPRegen  0.09/turn              (no ring)

@: lethally poisoned (0 -> -13), lightly drained
A: retaliatory headbutt, horns 2
a: Renounce Religion


You were on level 4 of the Dungeon.
You worshipped Okawaru.
Okawaru was noncommittal.
You were hungry.

You visited 1 branch of the dungeon, and saw 4 of its levels.

You collected 133 gold pieces.

Inventory:

Hand Weapons
 a - a +0 long sword (weapon)
Armour
 b - a +0 scale mail (worn)
 c - a +0 shield (worn)
 i - a scarf of resistance (worn)
Jewellery
 e - an uncursed ring of poison resistance {unknown}
Wands
 j - a wand of digging (6)
Scrolls
 g - a scroll of blinking {unknown}
 k - 4 scrolls of identify {unknown}
 l - a scroll of remove curse {unknown}
 m - a scroll of enchant weapon {unknown}
 o - a scroll of teleportation {unknown}
 q - 2 scrolls of amnesia {unknown}
 s - a scroll of immolation {unknown}
Potions
 d - a potion of might
Comestibles
 f - 5 rations


   Skills:
 + Level 4.5(4.4) Fighting
 + Level 5.3 Long Blades
 + Level 5.5 Armour
 + Level 1.2 Dodging
 + Level 0.4(0.3) Stealth
 + Level 5.3 Shields


You had 5 spell levels left.
You didn't know any spells.
Your spell library was empty.

Dungeon Overview and Level Annotations

Branches:
Dungeon (4/15)
 Temple: D:4-7

Altars:
Ashenzari
Makhleb
Okawaru
The Shining One


Innate Abilities, Weirdness & Mutations

You reflexively headbutt those who attack you in melee.
You have a pair of horns on your head.


Message History

You are poisoned.
The worker ant poisons you! The gnoll barely misses you.
You furiously retaliate!
You headbutt the gnoll, but do no damage.
You riposte.
You closely miss the gnoll.
The gnoll is severely wounded.
The gnoll hits you but does no damage.
Unknown command.
Okay, then.
You feel sick. The worker ant bites you.
* * * LOW HITPOINT WARNING * * *
You are more poisoned.
The worker ant poisons you!
Okay, then.
You hit the gnoll.
You headbutt the gnoll, but do no damage.
The gnoll is severely wounded.
* * * LOW HITPOINT WARNING * * *
You feel sick. You block the gnoll's attack. The worker ant bites you.
You die...

#..........).......(. ..
#<.........###...(...#..
#####.#.##.†.#...###...#.
#..#.####.....###.#...
#..##..........#.....# #.
#####..#...#.....#
#...##...#.....# #.##
#....$....#. #..
###@a....... ...
##g)...... ##
...............
.......####.#.# .......
.... ....... (.. .......
.. #######


You could see a worker ant and a gnoll.

Vanquished Creatures
  A hound (D:3)
  A bullfrog skeleton (D:4)
  2 iguanas (D:4)
  20 gnolls
  5 adders
  An ooze (D:3)
  3 dart slugs
  A leopard gecko (D:3)
  3 orcs
  A ball python (D:2)
  A giant cockroach (D:1)
  5 goblins
  6 hobgoblins
  6 jackals
  6 kobolds
  A quokka (D:2)
  6 bats
  8 frilled lizards
  9 rats
86 creatures vanquished.

Notes
Turn   | Place    | Note
-------+----------+-------------------------------------------
     0 | D:1      | Peloso the Minotaur Fighter began the quest for the Orb.
     0 | D:1      | Reached XP level 1. HP: 19/19 MP: 0/0
   838 | D:2      | Reached XP level 2. HP: 27/27 MP: 1/1
   882 | D:2      | Found a shattered altar of Ashenzari.
  1058 | D:2      | Reached XP level 3. HP: 26/33 MP: 2/2
  1301 | D:2      | Reached XP level 4. HP: 33/40 MP: 3/3
  1820 | D:2      | You fall into a shaft and drop 1 floor!
  1850 | D:3      | Reached XP level 5. HP: 19/46 MP: 4/4
  1855 | D:3      | Reached skill level 1 in Dodging
  1921 | D:3      | Found a glowing golden altar of the Shining One.
  2043 | D:3      | Found an iron altar of Okawaru.
  2061 | D:3      | Reached skill level 5 in Armour
  2070 | D:3      | Became a worshipper of Warmaster Okawaru
  2161 | D:3      | Found a burning altar of Makhleb.
  2170 | D:3      | Reached skill level 5 in Shields
  2358 | D:3      | Reached XP level 6. HP: 46/52 MP: 5/5
  2563 | D:4      | Reached skill level 5 in Long Blades
  2609 | D:4      | Slain by a worker ant

Levels and vault maps discovered:
D:1:      dpeg_arrival_water_temple_mockup, layout_loops_corners,
          minmay_misc_feat_hallway
D:2:      layout_basic, marbit_many_paths, first_ration, minmay_vboxes
D:3:      layout_loops_cross, nicolae_tso_carved_into_rock,
          makhleb_heckhound_becter, lemuel_doored_altar
D:4:      layout_rooms, kennysheep_mini

Skill      XL: |  1  2  3  4  5  6 |
---------------+-------------------+-----
Armour         | 4 5 |  5.5
Fighting       | 4 |  4.5
Long Blades    | 3 4 5 |  5.3
Shields        | 4 5 |  5.3
Dodging        | 1 |  1.2
Stealth        | |  0.4

Action                   |  1- 3 |  4- 6 || total
-------------------------+-------+-------++-------
Melee: Long sword        |    80 |   135 ||   215
       Headbutt          |    13 |    39 ||    52
  Use: Potion            |       |     4 ||     4
  Eat: Chunk             |       |     5 ||     5
Armor: Scale mail        |    34 |    63 ||    97
Dodge: Dodged            |    23 |    56 ||    79
Block: Shield            |    49 |    85 ||   134
       Rpst.: Long sword |     7 |    20 ||    27
